 Dungeon Crawl Stone Soup version 0.30.0-16-gbe6223bb7e (webtiles) character file.

Game seed: 12274566089876030917

373 Pooter the Chopper (level 6, -5/56 HPs)
             Began as a Minotaur Berserker on May 20, 2023.
             Was a Believer of Trog.
             Slain by an ogre
             ... wielding a +0 giant spiked club
              (33 damage)
             ... on level 4 of the Dungeon.
             The game lasted 00:11:19 (2435 turns).

Pooter the Chopper (Minotaur Berserker)             Turns: 2435, Time: 00:11:20

Health: -5/56      AC: 11    Str: 25    XL:     6   Next: 43%
Magic:  5/5        EV:  9    Int:  4    God:    Trog [**....]
Gold:   155        SH:  0    Dex: 13    Spells: 5/5 levels left

rFire   . . .        a - +0 war axe
rCold   . . .        (no shield)
rNeg    . . .        k - +2 chain mail of Agnosticism {*Corrode Will+ Str+2 Dex+3}
rPois   .            (helmet restricted)
rElec   .            (no cloak)
rCorr   .            i - +0 pair of gloves
SInv    .            (no boots)
Will    +....        (no amulet) Stlth
                     (no ring)
HPRegen 0.29/turn    (no ring)
MPRegen 0.09/turn

%: corrode self (3%)
@: no status effects
A: horns 2, retaliatory headbutt
a: Renounce Religion, Berserk, Trog's Hand


You were on level 4 of the Dungeon.
You worshipped Trog.
Trog was pleased with you.
You visited 1 branch of the dungeon, and saw 4 of its levels.

You collected 155 gold pieces.

Inventory:

Hand Weapons
 a - a +0 war axe (weapon)
   (You found it on level 3 of the Dungeon)
 b - a +0 sling
   (You found it on level 1 of the Dungeon)
 t - a +0 trident
   (You took it off an orc on level 3 of the Dungeon)
Missiles
 p - 2 throwing nets {!f}
 Q - 22 stones (quivered)
Armour
 g - a +0 chain mail
   (You found it on level 2 of the Dungeon)
 i - a +0 pair of gloves (worn)
   (You found it on level 2 of the Dungeon)
 k - the +2 chain mail of Agnosticism (worn) {*Corrode Will+ Str+2 Dex+3}
   (You found it on level 2 of the Dungeon)

   Str:       It affects your strength (+2).
   Dex:       It affects your dexterity (+3).
   *Corrode:  It may corrode you when you take damage.
   Will:      It increases your willpower.
Scrolls
 d - a scroll of enchant weapon {unknown}
 e - a scroll of noise {unknown}
 f - a scroll of vulnerability {!r}
 h - a scroll of poison {unknown}
 l - a scroll of fear {unknown}
 m - a scroll of silence {unknown}
 o - a scroll of blinking {unknown}
 s - a scroll of identify {unknown}
Potions
 c - 3 potions of haste {unknown}
 j - a potion of degeneration {unknown}
 n - a potion of heal wounds {unknown}
 q - a potion of brilliance {unknown}
 r - 2 potions of invisibility {unknown}


   Skills:
 + Level 5.0 Fighting
 * Level 6.2 Axes
 * Level 4.3 Ranged Weapons
 - Level 2.4 Armour
 - Level 2.1 Dodging
 - Level 0.4 Stealth


You had 5 spell levels left.
You didn't know any spells.
Your spell library was empty.

Dungeon Overview and Level Annotations

Branches:
Dungeon (4/15)
 Temple: D:4-7

Altars:
Elyvilon
Nemelex Xobeh
Uskayaw

Shops:
D:2 =


Innate Abilities, Weirdness & Mutations

You have a pair of horns on your head.
You reflexively headbutt those who attack you in melee.


Message History

Your Ranged Weapons skill increases to level 4!
You slash the gnoll!
You kill the gnoll!
Trog accepts your kill.
Your Fighting skill increases to level 5!
The sleepcap releases spores at you but does no damage.
Things that are here:
a +0 club; a throwing net {!f} You slash the sleepcap!
You headbutt the sleepcap.
The sleepcap releases spores at you but does no damage.
A gnoll comes into view. It is wielding a +0 flail.
The gnoll shouts!
You slash the sleepcap!
You feel the effects of Trog's Hand fading.
The sleepcap barely misses you. You furiously retaliate!
You headbutt the sleepcap!
You destroy the sleepcap!
Trog accepts your kill. The gnoll hits you with a +0 flail.
You slash the gnoll! The gnoll hits you with a +0 flail.
You barely miss the gnoll. The gnoll closely misses you.
You furiously retaliate!
You headbutt the gnoll!
You kill the gnoll!
Trog accepts your kill.
Things that are here:
a +0 flail; a gnoll corpse Your skin stops crawling.
You feel less strong-willed.
p - 2 throwing nets {!f} (gained 1)
You see here a +0 club.
Things that are here:
a +1 dagger of speed; a goblin corpse You see here a +0 ring mail.
You see here a +0 dagger.
You hear the slow rusting of a very distant drain.
An ogre comes into view. It is wielding a +0 giant spiked club.
You swing at nothing.
The ogre hits you with a +0 giant spiked club!!
You slash the ogre! You slash the ogre!
The ogre hits you with a +0 giant spiked club!
* * * LOW HITPOINT WARNING * * *
Cleave: a) +0 war axe You can't see that place.
Okay, then.
Unknown command.
Unknown command.
You barely miss the ogre.
The ogre hits you with a +0 giant spiked club!!
Ouch! That really hurt!
You die...

#........... ..
#.##..####.# ##.#
# #..# .#. ....
#.)# .#..##.#
#..####.#..##.# #
#.......#...#.#
.# #......#.#
..##..###
##......#
#.O......
##......# #@#
..........## ##.#
######...#.###.##
##.###...## #.#
#.### #.# #..#
#.# ##.# #. #.#
#.#


You could see an ogre.

Vanquished Creatures
  A bullfrog (D:3)
  A scorpion (D:3)
  A hound (D:4)
  A sleepcap (D:4)
  4 adders
  7 gnolls
  2 worms
  5 dart slugs (D:1)
  4 orcs (D:3)
  9 endoplasms
  A giant cockroach (D:1)
  7 hobgoblins
  4 jackals (D:4)
  5 kobolds
  A quokka (D:1)
  2 ball pythons (D:3)
  7 bats
  5 goblins
  8 rats
75 creatures vanquished.

Notes
Turn   | Place    | Note
-------+----------+-------------------------------------------
     0 | D:1      | Pooter the Minotaur Berserker began the quest for the Orb.
     0 | D:1      | Reached XP level 1. HP: 19/19 MP: 0/0
   177 | D:1      | Reached XP level 2. HP: 27/27 MP: 1/1
   195 | D:1      | Reached skill level 4 in Axes
   223 | D:1      | Reached skill level 1 in Ranged Weapons
   462 | D:1      | Reached XP level 3. HP: 21/33 MP: 2/2
   663 | D:1      | Reached ** piety under Trog
   674 | D:1      | Found a faded altar of an unknown god.
  1064 | D:2      | Identified the +2 robe "Ysmukhiase" {Harm Int-2 Stlth+}
  1220 | D:2      | Identified the +2 chain mail of Agnosticism {*Corrode Will+
                  | Str+2 Dex+3}
  1307 | D:2      | Found Kaffit's Jewellery Emporium.
  1460 | D:3      | Noticed a +0 dagger
  1460 | D:3      | Noticed a +0 short sword
  1461 | D:3      | Noticed a +0 spear
  1461 | D:3      | Noticed a +0 spear
  1462 | D:3      | Noticed a +0 falchion
  1462 | D:3      | Noticed a +0 dagger
  1497 | D:3      | Noticed a +0 short sword
  1498 | D:3      | Noticed a +0 falchion
  1595 | D:3      | Noticed a bullfrog
  1605 | D:3      | Killed a bullfrog
  1606 | D:3      | Reached skill level 5 in Axes
  1606 | D:3      | Reached XP level 4. HP: 41/41 MP: 3/3
  1657 | D:3      | Found a white marble altar of Elyvilon.
  1662 | D:3      | Reached XP level 5. HP: 44/47 MP: 4/4
  2156 | D:3      | Found a hide-covered altar of Uskayaw.
  2170 | D:3      | Reached XP level 6. HP: 55/55 MP: 5/5
  2226 | D:3      | Found a faded altar of an unknown god.
  2230 | D:3      | Found a sparkling altar of Nemelex Xobeh.
  2382 | D:4      | Reached skill level 6 in Axes
  2383 | D:4      | Reached skill level 5 in Fighting
  2435 | D:4      | Slain by an ogre

Illustrated notes

Levels and vault maps discovered:
D:1:      scummos_arrival_simple_fountains, layout_basic,
          hellmonk_ecumenical_altar_zigzags
D:2:      layout_rooms, serial_shops, shop
D:3:      layout_basic, elyvilon_altar_5, nicolae_uskayaw_en_pointe,
          nicolae_overflow_ecumenical_swirl, minmay_misc_feat_alley
D:4:      layout_loops_ring, nicolae_overflow_quartered_altars,
          portal_sewer_entry_a

Skill      XL: |  1  2  3  4  5  6 |
---------------+-------------------+-----
Axes           | 4 5 6 |  6.2
Ranged Weapons | 1 2 3 4 |  4.3
Fighting       | 4 5 |  5.0
Armour         | |  2.4
Dodging        | |  2.1
Stealth        | |  0.4

Action                     |  1- 3 |  4- 6 || total
---------------------------+-------+-------++-------
  Melee: Hand axe          |    43 |     3 ||    46
         Headbutt          |     9 |    16 ||    25
         Flail             |       |    27 ||    27
         War axe           |       |    30 ||    30
   Fire: Sling             |    88 |    11 ||    99
 Invoke: Berserk           |     1 |     1 ||     2
         Trog's Hand       |       |     1 ||     1
    Use: Scroll            |     1 |       ||     1
 Armour: Animal skin       |    15 |       ||    15
         Chain mail        |    14 |    46 ||    60
  Dodge: Dodged            |    23 |    36 ||    59
